NULL
Full Scoreboard »»

Ducks vs Maple Leafs

Created - February 15, 2024 at 22:23

Goals
1 2 3 T
Ducks 0 1 0 1
Maple Leafs 1 0 1 2
Shots
1 2 3 T
Ducks 11 8 8 27
Maple Leafs 13 9 10 32

GoalsPenalties
1st period
1. Maple Leafs , Jonathan Marchessault 15 (William Nylander 24, Jake Bean 4) at 19:04
No Penalty
2nd period
2. Ducks , Jordan Eberle 17 (Troy Terry 14, T.J. Oshie 17) at 6:47
Ross Colton (TOR) for Fighting (Major) at 0:30
Ivan Barbashev (ANA) for Fighting (Major) at 0:30
Ivan Barbashev (ANA) for instigated a fight (Minor) at 0:30
Ivan Barbashev (ANA) for instigated a fight (10 Minutes Misconduct) at 0:30
Michael Bunting (TOR) for Hooking (Minor) at 10:09
Carter Verhaeghe (TOR) for High sticking (Minor) at 15:18
3rd period
3. Maple Leafs , Carter Verhaeghe 10 (Andrew Peeke 2, Michael Bunting 16) at 10:24
Victor Soderstrom (ANA) for Holding (Minor) at 2:55
Ivan Barbashev (ANA) for Roughing (Minor) at 5:07
Dylan Strome (TOR) for Charging (Minor) at 12:10
Kris Letang (TOR) for Interference (Minor) at 19:58
Goalie Stats
Pavel Francouz (ANA), 30 saves from 32 shots - (0.938), L, 1-4-1, 59:01 minutes
Marc-Andre Fleury (TOR), 26 saves from 27 shots - (0.963), W, 20-5-1, 60:00 minutes
3 StarsOfficial
1 - Marc-Andre Fleury (TOR)
2 - Jonathan Marchessault (TOR)
3 - Jordan Eberle (ANA)
Referees : Unknown
Linesman : Unknown
Game Note
Ross Colton beats up Ivan Barbashev at 0:30 of 2nd period



Team Name Goals Shots Shots Attemp Shots Blocked PIM HIT PP PK FO%
Ducks 12759621300 / 4 (0%)043%
Maple Leafs 232531213320 / 3 (0%)057%

Ducks
Player Name POS G A P +/- PIM HIT SHT SB MP PP MP PP SHT PK MP PK SHT FO% FOT GA TA
Alex NewhookC/LW000001017:120:0000:0000% 210
Alexandre CarrierD0000020120:322:3602:5300% 010
Corey PerryLW/RW000001107:180:0000:0000% 000
Devon ToewsD000-1011024:403:2203:2300% 001
Ivan BarbashevC/LW/RW000-21923010:470:0000:08029% 1700
Jack EichelC0000052020:353:0103:06047% 1510
Jack RoslovicC/RW000000106:540:0000:0000% 000
Jason RobertsonLW/RW0000003020:103:0103:06050% 401
Johnny GaudreauLW/RW0000012019:143:0102:510100% 320
Jordan EberleLW/RW1011045119:212:5702:4300% 100
Leo CarlssonC0000001018:130:0000:0000% 000
Max PaciorettyLW/RW000-2000013:060:0000:000100% 111
Michael AndersonD000-1012124:273:2203:0400% 002
Philippe MyersD0000000116:060:0000:5000% 001
Ryan GetzlafC/LW/RW000-2011012:500:0000:0000% 000
T.J. OshieC/LW/RW0111052116:382:5700:00042% 1210
Troy TerryRW0111022016:382:5700:00067% 300
Victor SoderstromD0000241019:192:3601:4400% 000
Maple Leafs
Player Name POS G A P +/- PIM HIT SHT SB MP PP MP PP SHT PK MP PK SHT FO% FOT GA TA
Andrew PeekeD0111002014:150:1200:0000% 001
Calle JarnkrokC/LW/RW000002109:210:0000:230100% 110
Carter VerhaegheC/LW/RW1010216016:153:0300:0100% 200
Dawson MercerC/RW0000013013:440:0000:480100% 101
Dylan StromeC/LW0001211118:383:0301:53156% 1601
Jake BeanD0111001114:150:1200:0000% 001
Jason SpezzaC000000107:530:0000:000100% 300
Jonathan MarchessaultC/LW/RW1011033119:562:5312:5400% 000
Kris LetangD0001232223:252:3903:2000% 001
Michael BuntingLW/RW0110253115:393:0310:0000% 110
Morgan RiellyD0001021223:262:3903:2010% 000
Nick SuzukiC/RW0000013019:342:5403:03075% 800
Pierre EngvallC/LW000002008:350:0600:0000% 000
Ross ColtonC/LW/RW0000500211:400:0000:0000% 120
Ryan GravesD000-1051122:193:0602:3800% 000
Sean DurziD000-1040122:193:0602:3800% 001
Will SmithC0000001012:510:0000:00059% 1711
William NylanderC/LW/RW0111023019:522:4912:54038% 810

Ducks

5 vs 5 Forward
Line #Left WingCenterRight WingPHYDFOFWanted %Time %Time Play
1Jason RobertsonJack EichelJohnny Gaudreau1223027%12:49
2Jordan EberleT.J. OshieTroy Terry1223031%14:18
3Max PaciorettyIvan BarbashevRyan Getzlaf1223027%12:50
4Corey PerryLeo CarlssonJack Roslovic1221015%6:54
5 vs 5 Defense
Line #DefenseDefensePHYDFOFWanted %Time %Time Play
1Devon ToewsMichael Anderson1223030%14:06
2Alexandre CarrierVictor Soderstrom1223032%15:00
3Philippe MyersLeo Carlsson1223032%15:10
4Devon ToewsMichael Anderson122106%2:35
Power Play Forward
Line #Left WingCenterRight WingPHYDFOFWanted %Time %Time Play
1Jason RobertsonJack EichelJohnny Gaudreau1225051%3:01
2Jordan EberleT.J. OshieTroy Terry1225049%2:57
Power Play Defense
Line #DefenseDefensePHYDFOFWanted %Time %Time Play
1Devon ToewsMichael Anderson1225056%3:22
2Alexandre CarrierVictor Soderstrom1225044%2:36
Penalty Kill 4 Players Forward
Line #CenterWingPHYDFOFWanted %Time %Time Play
1Jason RobertsonJack Eichel1225052%3:06
2Johnny GaudreauJordan Eberle1225048%2:51
Penalty Kill 4 Players Defense
Line #DefenseDefensePHYDFOFWanted %Time %Time Play
1Devon ToewsMichael Anderson1225038%2:14
2Alexandre CarrierVictor Soderstrom1225062%3:43
Penalty Kill 3 Players
Line #WingPHYDFOFWanted %Time %Time PlayDefenseDefensePHYDFOFWanted %Time %Time Play
1Jason Robertson122500%0:00 Devon ToewsMichael Anderson122500%0:00
2Jack Eichel122500%0:00 Alexandre CarrierVictor Soderstrom122500%0:00
4 vs 4 Forward
Line #CenterWingPHYDFOFWanted %Time %Time Play
1Jason RobertsonJack Eichel122500%0:00
2Johnny GaudreauJordan Eberle122500%0:00
4 vs 4 Defense
Line #DefensePHYDFOFWanted %Time %Time Play
1Devon ToewsMichael Anderson122500%0:00
2Alexandre CarrierVictor Soderstrom122500%0:00
Last Minutes Offensive
Left WingCenterRight WingDefenseDefense
Jason RobertsonJack EichelJohnny GaudreauDevon ToewsMichael Anderson
Last Minutes Defensive
Left WingCenterRight WingDefenseDefense
Jason RobertsonJack EichelJohnny GaudreauDevon ToewsMichael Anderson
Time
Total ForwardTotal DefenseLast Minutes OffensiveLast Minutes Defensive
60:00 60:00 1:140:00
Extra Forwards
Normal PowerPlayPenalty Kill
Alex Newhook, Max Pacioretty, Ivan BarbashevAlex Newhook, Max PaciorettyIvan Barbashev
Extra Defensemen
Normal PowerPlayPenalty Kill
Philippe Myers, Alexandre Carrier, Victor SoderstromPhilippe Myers, Alexandre CarrierVictor Soderstrom
Penalty Shots
Jason Robertson, Jack Eichel, Johnny Gaudreau, Jordan Eberle, Troy Terry
Goalie
Pavel Francouz, Nico Daws
Custom OT Lines Forwards
Jason Robertson, Jack Eichel, Johnny Gaudreau, Jordan Eberle, Troy Terry, T.J. Oshie, Max Pacioretty, Ivan Barbashev, Leo Carlsson, Ryan Getzlaf
Custom OT Lines Defensemen
Devon Toews, Michael Anderson, Alexandre Carrier, Victor Soderstrom, Philippe Myers
Scratches
Denis Gurianov (Healthy), Miles Wood (Healthy), Victor Mete (Healthy), Mike Smith (Healthy)

Maple Leafs

5 vs 5 Forward
Line #Left WingCenterRight WingPHYDFOFWanted %Time %Time Play
1William NylanderDylan StromeJonathan Marchessault1223028%13:14
2Michael BuntingNick SuzukiCarter Verhaeghe1223028%13:12
3Ross ColtonWill SmithDawson Mercer1223027%12:51
4Pierre EngvallJason SpezzaCalle Jarnkrok1221017%7:53
5 vs 5 Defense
Line #DefenseDefensePHYDFOFWanted %Time %Time Play
1Kris LetangMorgan Rielly1223535%16:25
2Ryan GravesSean Durzi1223535%16:35
3Andrew PeekeJake Bean1223030%13:57
4Kris LetangMorgan Rielly12200%0:13
Power Play Forward
Line #Left WingCenterRight WingPHYDFOFWanted %Time %Time Play
1Jonathan MarchessaultWilliam NylanderNick Suzuki1225049%2:54
2Michael BuntingDylan StromeCarter Verhaeghe1225051%3:03
Power Play Defense
Line #DefenseDefensePHYDFOFWanted %Time %Time Play
1Kris LetangMorgan Rielly1225048%2:51
2Ryan GravesSean Durzi1225052%3:06
Penalty Kill 4 Players Forward
Line #CenterWingPHYDFOFWanted %Time %Time Play
1William NylanderJonathan Marchessault1225049%2:54
2Dylan StromeNick Suzuki1225051%3:04
Penalty Kill 4 Players Defense
Line #DefenseDefensePHYDFOFWanted %Time %Time Play
1Kris LetangMorgan Rielly1225056%3:20
2Ryan GravesSean Durzi1225044%2:38
Penalty Kill 3 Players
Line #WingPHYDFOFWanted %Time %Time PlayDefenseDefensePHYDFOFWanted %Time %Time Play
1William Nylander122500%0:00 Kris LetangMorgan Rielly122500%0:00
2Jonathan Marchessault122500%0:00 Ryan GravesSean Durzi122500%0:00
4 vs 4 Forward
Line #CenterWingPHYDFOFWanted %Time %Time Play
1William NylanderJonathan Marchessault122500%0:00
2Dylan StromeNick Suzuki122500%0:00
4 vs 4 Defense
Line #DefensePHYDFOFWanted %Time %Time Play
1Kris LetangMorgan Rielly122500%0:00
2Ryan GravesSean Durzi122500%0:00
Last Minutes Offensive
Left WingCenterRight WingDefenseDefense
Jonathan MarchessaultWilliam NylanderNick SuzukiKris LetangMorgan Rielly
Last Minutes Defensive
Left WingCenterRight WingDefenseDefense
Jonathan MarchessaultWilliam NylanderNick SuzukiKris LetangMorgan Rielly
Time
Total ForwardTotal DefenseLast Minutes OffensiveLast Minutes Defensive
60:00 60:00 0:000:55
Extra Forwards
Normal PowerPlayPenalty Kill
Pierre Engvall, Will Smith, Dawson MercerPierre Engvall, Will SmithDawson Mercer
Extra Defensemen
Normal PowerPlayPenalty Kill
Andrew Peeke, Jake Bean, Ryan GravesAndrew Peeke, Jake BeanRyan Graves
Penalty Shots
William Nylander, Jonathan Marchessault, Dylan Strome, Nick Suzuki, Michael Bunting
Goalie
Marc-Andre Fleury, Connor Ingram
Custom OT Lines Forwards
William Nylander, Jonathan Marchessault, Dylan Strome, Nick Suzuki, Michael Bunting, Carter Verhaeghe, Will Smith, Dawson Mercer, Jason Spezza, Ross Colton
Custom OT Lines Defensemen
Kris Letang, Morgan Rielly, Ryan Graves, Sean Durzi, Andrew Peeke
Scratches
Danton Heinen (Healthy), Matthew Highmore (Healthy), Arvid Soderblom (Healthy)


Play-by-Play

1st period


0:01 of 1st period - Dylan Strome wins face-off versus Jack Eichel in neutral zone.
0:06 of 1st period - Snap shot by William Nylander.
0:06 of 1st period - Stopped by Pavel Francouz without a rebound.
0:07 of 1st period - Johnny Gaudreau wins face-off versus Dylan Strome in Ducks zone.
0:43 of 1st period - Wrist shot by Michael Bunting.
0:43 of 1st period - Deflect By Carter Verhaeghe.
0:43 of 1st period - Shot Misses the Net.
0:43 of 1st period - Puck is out of play.
0:44 of 1st period - Will Smith wins face-off versus Ivan Barbashev in Ducks zone.
0:58 of 1st period - Slapshot by Dawson Mercer.
0:58 of 1st period - Shot Misses the Net.
1:00 of 1st period - Wrist shot by Dawson Mercer.
1:00 of 1st period - Stopped by Pavel Francouz with a rebound.
1:10 of 1st period - Pierre Engvall is hit by Victor Soderstrom.
1:18 of 1st period - Snap shot by Corey Perry.
1:18 of 1st period - Stopped by Marc-Andre Fleury with a rebound.
1:34 of 1st period - Jordan Eberle is hit by Ryan Graves and loses puck.
2:54 of 1st period - Michael Bunting is hit by Jack Eichel and loses puck.
3:15 of 1st period - Alexandre Carrier is hit by Jonathan Marchessault and loses puck.
3:35 of 1st period - Alexandre Carrier is hit by Dawson Mercer and loses puck.
4:25 of 1st period - Andrew Peeke is hit by T.J. Oshie and loses puck.
4:52 of 1st period - Snap shot by Carter Verhaeghe.
4:52 of 1st period - Stopped by Pavel Francouz without a rebound.
4:53 of 1st period - Jack Eichel wins face-off versus Will Smith in Ducks zone.
5:18 of 1st period - William Nylander is hit by Jordan Eberle and loses puck.
5:27 of 1st period - Snap shot by Jordan Eberle.
5:27 of 1st period - Stopped by Marc-Andre Fleury without a rebound.
5:28 of 1st period - Will Smith wins face-off versus Ivan Barbashev in Maple Leafs zone.
5:55 of 1st period - Troy Terry is hit by Kris Letang and loses puck.
6:10 of 1st period - Ryan Graves is hit by Victor Soderstrom and loses puck.
6:19 of 1st period - T.J. Oshie is hit by Sean Durzi and loses puck.
6:28 of 1st period - Snap shot by William Nylander.
6:28 of 1st period - Shot Blocked by Jordan Eberle.
6:37 of 1st period - Icing by William Nylander.
6:38 of 1st period - Ivan Barbashev wins face-off versus William Nylander in Maple Leafs zone.
6:43 of 1st period - Snap shot by Max Pacioretty.
6:43 of 1st period - Deflect By Ivan Barbashev.
6:43 of 1st period - Stopped by Marc-Andre Fleury with a rebound.
6:45 of 1st period - Snap shot by Max Pacioretty.
6:45 of 1st period - Deflect By Ryan Getzlaf.
6:45 of 1st period - Shot Misses the Net.
6:45 of 1st period - Puck is out of play.
6:46 of 1st period - Ivan Barbashev wins face-off versus Ross Colton in Maple Leafs zone.
6:55 of 1st period - Snap shot by Max Pacioretty.
6:55 of 1st period - Shot Misses the Net.
7:19 of 1st period - Snap shot by Michael Bunting.
7:19 of 1st period - Shot Misses the Net.
7:21 of 1st period - Slapshot by Kris Letang.
7:21 of 1st period - Stopped by Pavel Francouz with a rebound.
7:23 of 1st period - Snap shot by Kris Letang.
7:23 of 1st period - Stopped by Pavel Francouz with a rebound.
7:56 of 1st period - Icing by Ryan Graves.
7:57 of 1st period - Jason Spezza wins face-off versus Ivan Barbashev in Maple Leafs zone.
8:01 of 1st period - Off-side.
8:02 of 1st period - Will Smith wins face-off versus Ivan Barbashev in neutral zone.
8:05 of 1st period - Snap shot by Dawson Mercer.
8:05 of 1st period - Stopped by Pavel Francouz without a rebound.
8:06 of 1st period - Jack Eichel wins face-off versus Will Smith in Ducks zone.
8:35 of 1st period - Snap shot by Jonathan Marchessault.
8:35 of 1st period - Shot Misses the Net.
8:55 of 1st period - Leo Carlsson is hit by Nick Suzuki and loses puck.
11:08 of 1st period - Off-side.
11:09 of 1st period - T.J. Oshie wins face-off versus Dylan Strome in neutral zone.
11:48 of 1st period - Snap shot by William Nylander.
11:48 of 1st period - Deflect By Devon Toews.
11:48 of 1st period - Shot Blocked by Michael Anderson.
11:48 of 1st period - Puck is out of play.
11:49 of 1st period - Nick Suzuki wins face-off versus Ivan Barbashev in Ducks zone.
11:56 of 1st period - Wrist shot by Michael Bunting.
11:56 of 1st period - Shot Hit the Post.
11:58 of 1st period - Wrist shot by Carter Verhaeghe.
11:58 of 1st period - Stopped by Pavel Francouz with a rebound.
12:00 of 1st period - Snap shot by Carter Verhaeghe.
12:00 of 1st period - Stopped by Pavel Francouz without a rebound.
12:01 of 1st period - Nick Suzuki wins face-off versus Ivan Barbashev in Ducks zone.
12:35 of 1st period - Slapshot by Devon Toews.
12:35 of 1st period - Deflect By Jonathan Marchessault.
12:35 of 1st period - Stopped by Marc-Andre Fleury without a rebound.
12:36 of 1st period - Will Smith wins face-off versus Troy Terry in Maple Leafs zone.
13:05 of 1st period - Backhand shot by Nick Suzuki.
13:05 of 1st period - Stopped by Pavel Francouz with a rebound.
13:12 of 1st period - Off-side.
13:13 of 1st period - Will Smith wins face-off versus Alex Newhook in neutral zone.
13:13 of 1st period - Will Smith is hit by Alex Newhook.
13:46 of 1st period - Icing by Jack Roslovic.
13:47 of 1st period - Nick Suzuki wins face-off versus Alex Newhook in Ducks zone.
13:48 of 1st period - Snap shot by Carter Verhaeghe.
13:48 of 1st period - Stopped by Pavel Francouz with a rebound.
14:20 of 1st period - Wrist shot by Johnny Gaudreau.
14:20 of 1st period - Stopped by Marc-Andre Fleury with a rebound.
14:22 of 1st period - Snap shot by Jason Robertson.
14:22 of 1st period - Shot Blocked by Ross Colton.
14:24 of 1st period - Wrist shot by Johnny Gaudreau.
14:24 of 1st period - Shot Blocked by Morgan Rielly.
14:26 of 1st period - Wrist shot by Jack Eichel.
14:26 of 1st period - Shot Blocked by Morgan Rielly.
14:42 of 1st period - Troy Terry is hit by Kris Letang and loses puck.
15:49 of 1st period - Snap shot by Jordan Eberle.
15:49 of 1st period - Shot Misses the Net.
16:03 of 1st period - Alexandre Carrier is hit by Ryan Graves.
16:27 of 1st period - Jack Eichel is hit by Michael Bunting.
16:36 of 1st period - Off-side.
16:37 of 1st period - Dylan Strome wins face-off versus Ivan Barbashev in neutral zone.
16:42 of 1st period - Wrist shot by Jonathan Marchessault.
16:42 of 1st period - Stopped by Pavel Francouz with a rebound.
16:48 of 1st period - Slapshot by Ivan Barbashev.
16:48 of 1st period - Stopped by Marc-Andre Fleury with a rebound.
16:50 of 1st period - Slapshot by Michael Anderson.
16:50 of 1st period - Stopped by Marc-Andre Fleury with a rebound.
16:52 of 1st period - Wrist shot by Ryan Getzlaf.
16:52 of 1st period - Shot Misses the Net.
17:10 of 1st period - Wrist shot by Dawson Mercer.
17:10 of 1st period - Stopped by Pavel Francouz without a rebound.
17:11 of 1st period - Ivan Barbashev wins face-off versus Carter Verhaeghe in Ducks zone.
17:18 of 1st period - Icing by Jake Bean.
17:19 of 1st period - Ivan Barbashev wins face-off versus Nick Suzuki in Maple Leafs zone.
17:28 of 1st period - Wrist shot by Max Pacioretty.
17:28 of 1st period - Shot Blocked by Michael Bunting.
17:30 of 1st period - Snap shot by Ryan Getzlaf.
17:30 of 1st period - Stopped by Marc-Andre Fleury with a rebound.
17:42 of 1st period - Slapshot by Ivan Barbashev.
17:42 of 1st period - Stopped by Marc-Andre Fleury without a rebound.
17:43 of 1st period - T.J. Oshie wins face-off versus Will Smith in Maple Leafs zone.
17:46 of 1st period - Snap shot by Troy Terry.
17:46 of 1st period - Deflect By T.J. Oshie.
17:46 of 1st period - Shot Blocked by Ross Colton.
17:46 of 1st period - Puck is out of play.
17:47 of 1st period - T.J. Oshie wins face-off versus Will Smith in Maple Leafs zone.
17:58 of 1st period - Devon Toews is hit by Ryan Graves and loses puck.
18:23 of 1st period - Slapshot by Jordan Eberle.
18:23 of 1st period - Shot Misses the Net.
18:25 of 1st period - Slapshot by Michael Anderson.
18:25 of 1st period - Shot Blocked by Sean Durzi.
18:27 of 1st period - Wrist shot by T.J. Oshie.
18:27 of 1st period - Stopped by Marc-Andre Fleury with a rebound.
18:29 of 1st period - Slapshot by T.J. Oshie.
18:29 of 1st period - Stopped by Marc-Andre Fleury without a rebound.
18:30 of 1st period - Will Smith wins face-off versus Jack Eichel in Maple Leafs zone.
18:57 of 1st period - Ivan Barbashev is hit by William Nylander and loses puck.
19:04 of 1st period - Wrist shot by Jonathan Marchessault.
19:04 of 1st period - Goal by Jonathan Marchessault - Ducks : 0 - Maple Leafs : 1.
19:05 of 1st period - Jack Eichel wins face-off versus Michael Bunting in neutral zone.
19:36 of 1st period - Snap shot by T.J. Oshie.
19:36 of 1st period - Shot Misses the Net.
19:38 of 1st period - Wrist shot by T.J. Oshie.
19:38 of 1st period - Deflect By Jordan Eberle.
19:38 of 1st period - Shot Misses the Net.
19:38 of 1st period - Puck is out of play.
19:39 of 1st period - T.J. Oshie wins face-off versus Will Smith in Maple Leafs zone.
19:54 of 1st period - Sean Durzi is hit by T.J. Oshie.
Goals for this period are 0 for Ducks vs 1 for Maple Leafs.
Shots for this period are 11 for Ducks vs 13 for Maple Leafs.

2nd period


0:01 of 2nd period - Max Pacioretty wins face-off versus Will Smith in neutral zone.
0:06 of 2nd period - Wrist shot by Max Pacioretty.
0:06 of 2nd period - Deflect By Ryan Getzlaf.
0:06 of 2nd period - Shot Hit the Post.
0:06 of 2nd period - Puck is out of play.
0:07 of 2nd period - Will Smith wins face-off versus Ivan Barbashev in Maple Leafs zone.
0:07 of 2nd period - Will Smith is hit by Ivan Barbashev.
0:30 of 2nd period - Ross Colton beats up Ivan Barbashev.
0:30 of 2nd period - Penalty to Ross Colton for Fighting.
0:30 of 2nd period - Penalty to Ivan Barbashev for Fighting.
0:30 of 2nd period - Penalty to Ivan Barbashev for instigated a fight.
0:30 of 2nd period - Penalty to Ivan Barbashev for instigated a fight.
0:31 of 2nd period - William Nylander wins face-off versus Jason Robertson in Maple Leafs zone.
0:31 of 2nd period - William Nylander is hit by Jack Eichel.
0:41 of 2nd period - Snap shot by Jonathan Marchessault.
0:41 of 2nd period - Stopped by Pavel Francouz without a rebound.
0:42 of 2nd period - Johnny Gaudreau wins face-off versus Dylan Strome in Ducks zone.
0:42 of 2nd period - Johnny Gaudreau is hit by Sean Durzi.
1:01 of 2nd period - Michael Bunting is hit by Jack Eichel and loses puck.
1:05 of 2nd period - Icing by Dylan Strome.
1:06 of 2nd period - Dylan Strome wins face-off versus Jordan Eberle in Maple Leafs zone.
1:15 of 2nd period - Wrist shot by Michael Bunting.
1:15 of 2nd period - Stopped by Pavel Francouz without a rebound.
1:16 of 2nd period - Johnny Gaudreau wins face-off versus William Nylander in Ducks zone.
1:25 of 2nd period - Jason Robertson is hit by William Nylander and loses puck.
1:42 of 2nd period - Johnny Gaudreau is hit by Morgan Rielly and loses puck.
2:30 of 2nd period - Penalty to Ivan Barbashev is over, Corey Perry is send on ice.
2:39 of 2nd period - Michael Anderson is hit by Pierre Engvall and loses puck.
2:46 of 2nd period - Slapshot by Will Smith.
2:46 of 2nd period - Shot Misses the Net.
2:48 of 2nd period - Slapshot by Andrew Peeke.
2:48 of 2nd period - Deflect By Max Pacioretty.
2:48 of 2nd period - Stopped by Pavel Francouz with a rebound.
3:34 of 2nd period - Snap shot by Jack Eichel.
3:34 of 2nd period - Shot Blocked by Ryan Graves.
3:36 of 2nd period - Wrist shot by Jack Eichel.
3:36 of 2nd period - Shot Misses the Net.
3:38 of 2nd period - Slapshot by Jason Robertson.
3:38 of 2nd period - Shot Misses the Net.
3:50 of 2nd period - Jack Eichel is hit by Sean Durzi and loses puck.
4:21 of 2nd period - Carter Verhaeghe is hit by Alexandre Carrier and loses puck.
5:06 of 2nd period - Jack Roslovic is hit by Pierre Engvall and loses puck.
5:17 of 2nd period - Sean Durzi is hit by Devon Toews and loses puck.
5:59 of 2nd period - Michael Anderson is hit by Calle Jarnkrok and loses puck.
6:14 of 2nd period - Snap shot by Jason Robertson.
6:14 of 2nd period - Stopped by Marc-Andre Fleury without a rebound.
6:15 of 2nd period - Dylan Strome wins face-off versus Jack Eichel in Maple Leafs zone.
6:47 of 2nd period - Slapshot by Jordan Eberle.
6:47 of 2nd period - Goal by Jordan Eberle - Ducks : 1 - Maple Leafs : 1.
6:48 of 2nd period - Dylan Strome wins face-off versus Jack Eichel in neutral zone.
6:59 of 2nd period - Snap shot by William Nylander.
6:59 of 2nd period - Stopped by Pavel Francouz with a rebound.
7:15 of 2nd period - Philippe Myers is hit by Michael Bunting and loses puck.
7:34 of 2nd period - Snap shot by Jason Spezza.
7:34 of 2nd period - Shot Misses the Net.
8:04 of 2nd period - Snap shot by Jason Robertson.
8:04 of 2nd period - Stopped by Marc-Andre Fleury without a rebound.
8:05 of 2nd period - Dylan Strome wins face-off versus Jack Eichel in Maple Leafs zone.
8:31 of 2nd period - Devon Toews is hit by Michael Bunting and loses puck.
8:38 of 2nd period - Snap shot by Michael Bunting.
8:38 of 2nd period - Shot Misses the Net.
8:44 of 2nd period - Sean Durzi is hit by T.J. Oshie and loses puck.
9:05 of 2nd period - Snap shot by Ryan Getzlaf.
9:05 of 2nd period - Shot Misses the Net.
9:15 of 2nd period - Alexandre Carrier is hit by Calle Jarnkrok and loses puck.
9:22 of 2nd period - Pierre Engvall is hit by Jack Eichel and loses puck.
9:54 of 2nd period - Morgan Rielly is hit by T.J. Oshie and loses puck.
10:01 of 2nd period - Wrist shot by Troy Terry.
10:01 of 2nd period - Shot Blocked by Kris Letang.
10:03 of 2nd period - Wrist shot by Jordan Eberle.
10:03 of 2nd period - Stopped by Marc-Andre Fleury with a rebound.
10:09 of 2nd period - Minor Penalty to Michael Bunting for Hooking.
10:10 of 2nd period - Jack Eichel wins face-off versus William Nylander in Maple Leafs zone.
10:47 of 2nd period - Slapshot by Jordan Eberle.
10:47 of 2nd period - Shot Blocked by Jonathan Marchessault.
10:59 of 2nd period - Snap shot by Morgan Rielly.
10:59 of 2nd period - Stopped by Pavel Francouz without a rebound.
11:00 of 2nd period - Dylan Strome wins face-off versus T.J. Oshie in Ducks zone.
11:03 of 2nd period - Snap shot by Dylan Strome.
11:03 of 2nd period - Stopped by Pavel Francouz with a rebound.
12:09 of 2nd period - Penalty to Michael Bunting is over, Michael Bunting is back on ice.
13:30 of 2nd period - Snap shot by Jason Robertson.
13:30 of 2nd period - Stopped by Marc-Andre Fleury without a rebound.
13:31 of 2nd period - Troy Terry wins face-off versus Carter Verhaeghe in Maple Leafs zone.
13:34 of 2nd period - Snap shot by Troy Terry.
13:34 of 2nd period - Stopped by Marc-Andre Fleury without a rebound.
13:35 of 2nd period - T.J. Oshie wins face-off versus Nick Suzuki in Maple Leafs zone.
15:18 of 2nd period - Minor Penalty to Carter Verhaeghe for High sticking.
15:19 of 2nd period - Jack Eichel wins face-off versus Dylan Strome in Maple Leafs zone.
15:22 of 2nd period - Snap shot by Jason Robertson.
15:22 of 2nd period - Deflect By Dylan Strome.
15:22 of 2nd period - Shot Misses the Net.
15:22 of 2nd period - Puck is out of play.
15:23 of 2nd period - Dylan Strome wins face-off versus Jack Eichel in Maple Leafs zone.
15:30 of 2nd period - 10 Minutes Misconduct Penalty to Ivan Barbashev is over.
17:18 of 2nd period - Penalty to Carter Verhaeghe is over, Carter Verhaeghe is back on ice.
17:32 of 2nd period - Snap shot by Calle Jarnkrok.
17:32 of 2nd period - Stopped by Pavel Francouz without a rebound.
17:33 of 2nd period - Jason Spezza wins face-off versus Ivan Barbashev in Ducks zone.
17:33 of 2nd period - Calle Jarnkrok is hit by Ryan Getzlaf.
17:49 of 2nd period - Snap shot by Jason Spezza.
17:49 of 2nd period - Shot Misses the Net.
18:06 of 2nd period - Will Smith is hit by Corey Perry and loses puck.
18:26 of 2nd period - Slapshot by Michael Bunting.
18:26 of 2nd period - Stopped by Pavel Francouz with a rebound.
18:28 of 2nd period - Wrist shot by Carter Verhaeghe.
18:28 of 2nd period - Shot Misses the Net.
18:30 of 2nd period - Slapshot by Sean Durzi.
18:30 of 2nd period - Shot Blocked by Alex Newhook.
18:32 of 2nd period - Wrist shot by Nick Suzuki.
18:32 of 2nd period - Shot Misses the Net.
18:34 of 2nd period - Slapshot by Ryan Graves.
18:34 of 2nd period - Deflect By Leo Carlsson.
18:34 of 2nd period - Stopped by Pavel Francouz with a rebound.
18:48 of 2nd period - Philippe Myers is hit by Sean Durzi and loses puck.
18:59 of 2nd period - Wrist shot by Jack Eichel.
18:59 of 2nd period - Stopped by Marc-Andre Fleury without a rebound.
19:00 of 2nd period - Will Smith wins face-off versus T.J. Oshie in Maple Leafs zone.
19:00 of 2nd period - Will Smith is hit by Jordan Eberle.
19:12 of 2nd period - Wrist shot by Dawson Mercer.
19:12 of 2nd period - Shot Blocked by T.J. Oshie.
19:14 of 2nd period - Wrist shot by Ross Colton.
19:14 of 2nd period - Shot Misses the Net.
19:26 of 2nd period - Andrew Peeke is hit by Johnny Gaudreau and loses puck.
19:47 of 2nd period - Snap shot by Calle Jarnkrok.
19:47 of 2nd period - Deflect By Jason Spezza.
19:47 of 2nd period - Shot Misses the Net.
19:47 of 2nd period - Puck is out of play.
19:48 of 2nd period - Jason Spezza wins face-off versus T.J. Oshie in Ducks zone.
19:59 of 2nd period - Slapshot by Jordan Eberle.
19:59 of 2nd period - Stopped by Marc-Andre Fleury with a rebound.
Goals for this period are 1 for Ducks vs 0 for Maple Leafs.
Shots for this period are 8 for Ducks vs 9 for Maple Leafs.

3rd period


0:01 of 3rd period - Dylan Strome wins face-off versus Jack Eichel in neutral zone.
0:14 of 3rd period - Wrist shot by Johnny Gaudreau.
0:14 of 3rd period - Shot Misses the Net.
0:51 of 3rd period - Sean Durzi is hit by Alexandre Carrier and loses puck.
1:04 of 3rd period - Corey Perry is hit by Ryan Graves and loses puck.
1:15 of 3rd period - Slapshot by Calle Jarnkrok.
1:15 of 3rd period - Deflect By Jason Spezza.
1:15 of 3rd period - Stopped by Pavel Francouz with a rebound.
2:08 of 3rd period - Will Smith is hit by Troy Terry.
2:18 of 3rd period - Jordan Eberle is hit by Michael Bunting.
2:45 of 3rd period - Slapshot by Jack Eichel.
2:45 of 3rd period - Stopped by Marc-Andre Fleury without a rebound.
2:46 of 3rd period - Jack Eichel wins face-off versus Dylan Strome in Maple Leafs zone.
2:55 of 3rd period - Minor Penalty to Victor Soderstrom for Holding.
2:56 of 3rd period - Jason Robertson wins face-off versus William Nylander in Ducks zone.
3:08 of 3rd period - Devon Toews is hit by Morgan Rielly and loses puck.
3:52 of 3rd period - Jason Robertson is hit by Jonathan Marchessault and loses puck.
4:11 of 3rd period - Philippe Myers is hit by Carter Verhaeghe and loses puck.
4:55 of 3rd period - Penalty to Victor Soderstrom is over, Victor Soderstrom is back on ice.
4:58 of 3rd period - Wrist shot by Will Smith.
4:58 of 3rd period - Stopped by Pavel Francouz with a rebound.
5:00 of 3rd period - Slapshot by Jake Bean.
5:00 of 3rd period - Stopped by Pavel Francouz without a rebound.
5:01 of 3rd period - Will Smith wins face-off versus Ivan Barbashev in Ducks zone.
5:07 of 3rd period - Minor Penalty to Ivan Barbashev for Roughing.
5:08 of 3rd period - William Nylander wins face-off versus Jason Robertson in Ducks zone.
5:16 of 3rd period - Snap shot by William Nylander.
5:16 of 3rd period - Stopped by Pavel Francouz with a rebound.
5:41 of 3rd period - Michael Bunting is hit by Michael Anderson.
6:15 of 3rd period - Icing by Nick Suzuki.
6:16 of 3rd period - Jason Robertson wins face-off versus William Nylander in Maple Leafs zone.
7:07 of 3rd period - Penalty to Ivan Barbashev is over, Ivan Barbashev is back on ice.
7:41 of 3rd period - Snap shot by Calle Jarnkrok.
7:41 of 3rd period - Shot Misses the Net.
7:45 of 3rd period - Backhand shot by Jason Spezza.
7:45 of 3rd period - Shot Blocked by Alexandre Carrier.
8:45 of 3rd period - Snap shot by Michael Bunting.
8:45 of 3rd period - Stopped by Pavel Francouz without a rebound.
8:46 of 3rd period - Nick Suzuki wins face-off versus Ivan Barbashev in Ducks zone.
9:10 of 3rd period - Slapshot by Leo Carlsson.
9:10 of 3rd period - Shot Misses the Net.
9:12 of 3rd period - Slapshot by Philippe Myers.
9:12 of 3rd period - Shot Blocked by Kris Letang.
9:14 of 3rd period - Slapshot by Jordan Eberle.
9:14 of 3rd period - Stopped by Marc-Andre Fleury with a rebound.
9:24 of 3rd period - Corey Perry is hit by Kris Letang and loses puck.
9:31 of 3rd period - Wrist shot by William Nylander.
9:31 of 3rd period - Shot Blocked by Philippe Myers.
9:39 of 3rd period - Jack Roslovic is hit by Jonathan Marchessault and loses puck.
10:08 of 3rd period - Slapshot by Jack Roslovic.
10:08 of 3rd period - Stopped by Marc-Andre Fleury without a rebound.
10:09 of 3rd period - Nick Suzuki wins face-off versus Ivan Barbashev in Maple Leafs zone.
10:16 of 3rd period - Snap shot by Nick Suzuki.
10:16 of 3rd period - Stopped by Pavel Francouz with a rebound.
10:18 of 3rd period - Snap shot by Nick Suzuki.
10:18 of 3rd period - Stopped by Pavel Francouz with a rebound.
10:20 of 3rd period - Snap shot by Michael Bunting.
10:20 of 3rd period - Deflect By Carter Verhaeghe.
10:20 of 3rd period - Stopped by Pavel Francouz with a rebound.
10:22 of 3rd period - Snap shot by Andrew Peeke.
10:22 of 3rd period - Stopped by Pavel Francouz with a rebound.
10:24 of 3rd period - Snap shot by Carter Verhaeghe.
10:24 of 3rd period - Goal by Carter Verhaeghe - Ducks : 1 - Maple Leafs : 2.
10:25 of 3rd period - Jack Eichel wins face-off versus Dylan Strome in neutral zone.
10:52 of 3rd period - Andrew Peeke is hit by Ivan Barbashev and loses puck.
10:59 of 3rd period - Max Pacioretty is hit by Ryan Graves and loses puck.
11:10 of 3rd period - Ryan Graves is hit by Jordan Eberle and loses puck.
11:32 of 3rd period - Wrist shot by Leo Carlsson.
11:32 of 3rd period - Stopped by Marc-Andre Fleury with a rebound.
11:58 of 3rd period - Snap shot by Johnny Gaudreau.
11:58 of 3rd period - Shot Misses the Net.
12:00 of 3rd period - Slapshot by Victor Soderstrom.
12:00 of 3rd period - Stopped by Marc-Andre Fleury with a rebound.
12:02 of 3rd period - Slapshot by Johnny Gaudreau.
12:02 of 3rd period - Shot Misses the Net.
12:04 of 3rd period - Slapshot by Victor Soderstrom.
12:04 of 3rd period - Shot Blocked by Dylan Strome.
12:10 of 3rd period - Minor Penalty to Dylan Strome for Charging.
12:11 of 3rd period - Dawson Mercer wins face-off versus T.J. Oshie in Maple Leafs zone.
12:24 of 3rd period - Kris Letang is hit by T.J. Oshie and loses puck.
13:00 of 3rd period - Icing by T.J. Oshie.
13:01 of 3rd period - Calle Jarnkrok wins face-off versus T.J. Oshie in Ducks zone.
14:10 of 3rd period - Penalty to Dylan Strome is over, Dylan Strome is back on ice.
14:17 of 3rd period - Wrist shot by Dylan Strome.
14:17 of 3rd period - Shot Misses the Net.
14:40 of 3rd period - Off-side.
14:41 of 3rd period - Will Smith wins face-off versus T.J. Oshie in neutral zone.
14:41 of 3rd period - Will Smith is hit by Victor Soderstrom.
15:07 of 3rd period - Will Smith is hit by Victor Soderstrom.
15:19 of 3rd period - Ross Colton is hit by Jack Eichel and loses puck.
15:34 of 3rd period - Ryan Getzlaf is hit by Dylan Strome and loses puck.
15:53 of 3rd period - Devon Toews is hit by Michael Bunting.
15:57 of 3rd period - Wrist shot by Troy Terry.
15:57 of 3rd period - Stopped by Marc-Andre Fleury without a rebound.
15:58 of 3rd period - Nick Suzuki wins face-off versus T.J. Oshie in Maple Leafs zone.
15:58 of 3rd period - Morgan Rielly is hit by Troy Terry.
17:03 of 3rd period - Andrew Peeke is hit by Jordan Eberle and loses puck.
17:10 of 3rd period - Snap shot by Jordan Eberle.
17:10 of 3rd period - Shot Misses the Net.
17:12 of 3rd period - Slapshot by Philippe Myers.
17:12 of 3rd period - Shot Blocked by Jake Bean.
17:20 of 3rd period - Snap shot by Jordan Eberle.
17:20 of 3rd period - Deflect By Troy Terry.
17:20 of 3rd period - Shot Misses the Net.
17:20 of 3rd period - Puck is out of play.
17:21 of 3rd period - Ivan Barbashev wins face-off versus Will Smith in Maple Leafs zone.
17:53 of 3rd period - Snap shot by Johnny Gaudreau.
17:53 of 3rd period - Shot Misses the Net.
19:01 of 3rd period - Ducks, Pavel Francouz is pulled from the net.
19:03 of 3rd period - Wrist shot by Johnny Gaudreau.
19:03 of 3rd period - Stopped by Marc-Andre Fleury without a rebound.
19:04 of 3rd period - call a timeout for Ducks.
19:04 of 3rd period - William Nylander wins face-off versus Jack Eichel in Maple Leafs zone.
19:17 of 3rd period - Wrist shot by Jason Robertson.
19:17 of 3rd period - Shot Misses the Net.
19:19 of 3rd period - Snap shot by Michael Anderson.
19:19 of 3rd period - Stopped by Marc-Andre Fleury with a rebound.
19:58 of 3rd period - Minor Penalty to Kris Letang for Interference.
19:59 of 3rd period - Troy Terry wins face-off versus Dylan Strome in Maple Leafs zone.
Goals for this period are 0 for Ducks vs 1 for Maple Leafs.
Shots for this period are 8 for Ducks vs 10 for Maple Leafs.